 Dungeon Crawl Stone Soup version 0.28.0-45-g0d030f2227 (webtiles) character file.

Game seed: 7374205383496780904

193 NinjaNoafa the Ruffian (level 5, -3/45 HPs)
             Began as a Draconian Transmuter on Apr 7, 2022.
             Slain by an iguana (10 damage)
             ... on level 4 of the Dungeon.
             The game lasted 00:06:20 (2985 turns).

NinjaNoafa the Ruffian (Draconian Transmuter)       Turns: 2985, Time: 00:06:20

Health: -3/45      AC:  5    Str: 12    XL:     5   Next: 44%
Magic:  9/9        EV: 12    Int: 16    God:
Gold:   129        SH:  5    Dex: 11    Spells: 8/9 levels left

rFire   . . .      SeeInvis .   k - +4 dagger
rCold   . . .      Faith    .   (no shield)
rNeg    . . .      Spirit   .   (armour unavailable)
rPois   .          Reflect  +   (helmet currently unavailable)
rElec   .          Harm     .   (no cloak)
rCorr   .          Rampage  .   (no gloves)
Will    .....                   (boots currently unavailable)
Stlth   +.........              i - amulet of reflection
HPRegen 0.15/turn               (no ring)
MPRegen 0.11/turn               (no ring)

@: appendages (expiring)
A: horns 2, talons 2, AC +5, unfitting armour, cold-blooded
a: End Transformation


You were on level 4 of the Dungeon.
You had temporarily grown beastly horns and talons.
You visited 1 branch of the dungeon, and saw 4 of its levels.

You collected 129 gold pieces.

Inventory:

Hand Weapons
 k - a +4 dagger (weapon)
 r - a +0 triple crossbow
 u - a +3 hand axe
 v - a +0 hand axe of venom
Missiles
 a - 80 stones
 l - 4 boomerangs
 q - 3 poisoned darts
Jewellery
 i - an amulet of reflection (around neck)
 n - an amulet of magic regeneration
Wands
 b - a wand of iceblast (10)
Scrolls
 d - 3 scrolls of teleportation
 f - a scroll of enchant armour {unknown}
 g - 2 scrolls of magic mapping
 m - a scroll of vulnerability {unknown}
 o - a scroll of fear {unknown}
 t - a scroll of noise {unknown}
Potions
 c - a potion of degeneration
 e - a potion of ambrosia
 h - 3 potions of lignification
 j - a potion of curing
 p - 2 potions of brilliance {unknown}
 s - a potion of heal wounds {unknown}
 w - a potion of attraction {unknown}


   Skills:
 + Level 3.1 Fighting
 + Level 3.1 Dodging
 - Level 3.2 Unarmed Combat
 + Level 2.7 Spellcasting
 + Level 3.2 Transmutations
 * Level 0.0 Fire Magic


You had 8 spell levels left.
You knew the following spells:

 Your Spells              Type           Power      Damage    Failure   Level
a - Beastly Appendage     Tmut           24%        N/A       5%          1

Your spell library contained the following spells:

 Spells                   Type           Power      Damage    Failure   Level
 Wereblood                Tmut           12%        N/A       8%          2
 Passwall                 Tmut/Erth      5%         N/A       16%         2
 Ensorcelled Hibernation  Hex/Ice        4%         N/A       28%         2
 Scorch                   Fire           4%         2d5       28%         2
 Spider Form              Tmut/Pois      7%         N/A       30%         3
 Swiftness                Air            2%         N/A       50%         3
 Ice Form                 Ice/Tmut       7%         N/A       69%         4
 Petrify                  Tmut/Erth      7%         N/A       69%         4
 Flame Wave               Conj/Fire      2%         2d4       88%         4
 Summon Cactus Giant      Summ           1%         N/A       100%        6
 Lehudib's Crystal Spear  Conj/Erth      1%         10d2      100%        8


Dungeon Overview and Level Annotations

Branches:
Dungeon (4/15)
 Temple: D:4-7

Altars:

Shops:
D:1 *


Innate Abilities, Weirdness & Mutations

You have temporarily grown beastly horns and talons.
Your plain brown scales are hard. (AC +5)
You cannot fit into any form of body armour.
You are cold-blooded and may be slowed by cold attacks.


Message History

The iguana is severely wounded.
The iguana barely misses you.
You barely miss the iguana.
The iguana is severely wounded.
The iguana misses you.
You hit the iguana but do no damage.
Your tail-slap misses the iguana.
The iguana is severely wounded.
The iguana barely misses you.
You hit the iguana.
The iguana is severely wounded.
You block the iguana's attack.
Casting: Beastly Appendage (safe; 5% risk of failure)
Confirm with . or Enter, or press ? or * to list all spells.
You grow a pair of large bovine horns.
Your feet morph into talons.
The iguana barely misses you.
You hit the iguana but do no damage.
The iguana is severely wounded.
The iguana bites you!
You hit the iguana but do no damage.
The iguana is severely wounded.
The iguana bites you but does no damage.
You hit the iguana but do no damage.
The iguana is severely wounded.
The iguana bites you!
* * * LOW HITPOINT WARNING * * *
You barely miss the iguana.
Your tail-slap misses the iguana.
The iguana is severely wounded.
The iguana bites you.
* * * LOW HITPOINT WARNING * * *
Your transformation is almost over.
Really walk into that dispersal trap?
You enter a dispersal trap!
The iguana blinks!
The adder blinks!
You blink.
You hit the iguana.
The iguana is almost dead.
The iguana bites you but does no damage.
You barely miss the iguana. You claw the iguana.
Your headbutt misses the iguana. Your punch misses the iguana.
The iguana is almost dead.
The iguana bites you!
You die...

.....##..#.>## .#
...#...#....# .#
######......###.####
#...............#
#............##..
####.###.#..## #....#
#.....#####.#
#.##.###.#......<..##
##.##.........@###...#
###..####......l..###.#
....## #...........^..#
.#### #..>.........#.# .###
.............# #
.<.###..#.........#.#
.......###.......##........
...##### ##...#######......
...# #..# ).....


You could see an iguana.

Vanquished Creatures
  An orc priest (D:4)
  Ijyb (D:3)
  An iguana (D:4)
  2 adders (D:3)
  3 worms
  3 dart slugs
  7 orcs
  2 bats
  5 endoplasms
  5 giant cockroaches
  4 goblins
  11 hobgoblins
  4 jackals (D:1)
  4 kobolds
  4 quokkas
  6 ball pythons
  3 frilled lizards
  6 rats (D:1)
72 creatures vanquished.

Notes
Turn   | Place    | Note
-------+----------+-------------------------------------------
     0 | D:1      | NinjaNoafa the Draconian Transmuter began the quest for the
                  | Orb.
     0 | D:1      | Reached XP level 1. HP: 16/16 MP: 3/3
    32 | D:1      | Found Hiolunim's General Store.
    58 | D:1      | Reached XP level 2. HP: 18/23 MP: 5/5
   148 | D:1      | Got the Volume of Stones
   473 | D:1      | Reached XP level 3. HP: 27/29 MP: 6/6
   961 | D:2      | Found a faded altar of an unknown god.
  1395 | D:3      | Noticed Ijyb
  1424 | D:3      | Killed Ijyb
  1425 | D:3      | Reached XP level 4. HP: 9/37 MP: 7/7
  2847 | D:4      | Reached XP level 5. HP: 44/44 MP: 6/8
  2985 | D:4      | Slain by an iguana

Illustrated notes

Levels and vault maps discovered:
D:1:      dpeg_arrival_tiny_i, layout_rooms, serial_shops, nicolae_shop_trees,
          nicolae_figureground_pulse
D:2:      layout_rooms, chequers_ecumenical_altar_grove
D:3:      layout_loops_corners, uniq_ijyb
D:4:      layout_rooms, cheibrodos_worm_habitat, minmay_circle_x

Skill      XL: |  1  2  3  4  5 |
---------------+----------------+-----
Dodging        | 2 3 |  3.1
Fighting       | 2 3 |  3.1
Transmutations | 3 |  3.2
Unarmed Combat | |  3.2
Spellcasting   | |  2.7

Action                   |  1- 3 |  4- 6 || total
-------------------------+-------+-------++-------
Melee: Unarmed           |   123 |       ||   123
       Tailslap          |    18 |     5 ||    23
       Kick              |    20 |     7 ||    27
       Headbutt          |     9 |     2 ||    11
       Dagger            |    31 |   104 ||   135
       Punch             |     2 |     3 ||     5
 Cast: Beastly Appendage |     9 |     5 ||    14
  Use: Scroll            |     4 |     2 ||     6
Armor: Skin              |    34 |    16 ||    50
Dodge: Dodged            |    92 |    46 ||   138
Block: Other             |     9 |    22 ||    31
       Reflection        |       |     1 ||     1
